Map: Ruines d’Endion

Players

Kuja - Winner!

  • Race: Protoss Protoss
  • League: Diamond

pOwl

  • Race: Zerg Zerg
  • League: Diamond

VOD

Have the link to the VOD?

Description

Time

  • Played on: March 29, 2016, 12:59 p.m.
  • Length: 12:56
Show
View Real Time Build Order
Export as new Build Order

Kuja Protoss - Winner!

Build Orders: Cannon Rush 

Get SALT Encoding   

  12  0:01  Probe (Chrono Boost)  
  13  0:11  Probe (Chrono Boost)  
  14  0:21  Pylon  
  14  0:23  Probe (Chrono Boost)  
  15  0:39  Probe (Chrono Boost)  
  15  0:40  Forge  
  17  0:50  Probe (Chrono Boost)  
  17  1:06  Probe (Chrono Boost)  
  17  1:07  Pylon  
  18  1:17  Probe (Chrono Boost)  
  19  1:26  Photon Cannon  
  19  1:31  Photon Cannon  
  19  1:35  Photon Cannon  
  19  1:41  Pylon  
  19  1:50  Pylon  
  19  2:09  Pylon  
  19  2:14  Nexus  
  19  2:17  Gateway  
  19  2:18  Pylon  
  19  2:28  Photon Cannon  
  19  2:31  Probe (Chrono Boost)  
  20  2:40  Photon Cannon  
  20  2:45  Probe (Chrono Boost)  
  20  2:48  Assimilator  
  21  2:56  Probe (Chrono Boost)  
  22  2:59  Photon Cannon  
  22  3:14  Probe (Chrono Boost)  
  22  3:18  Cybernetics Core  
  22  3:23  Gateway  
  22  3:25  Probe (Chrono Boost), Pylon  
  23  3:30  Assimilator  
  23  3:35  Probe (Chrono Boost)  
  23  3:36  Probe (Chrono Boost)  
  25  3:45  Pylon  
  25  3:46  Probe (Chrono Boost)  
  26  4:00  Probe (Chrono Boost)  
  26  4:01  Probe (Chrono Boost)  
  28  4:10  Stargate  
  28  4:13  Probe (Chrono Boost)  
  28  4:14  Probe (Chrono Boost)  
  30  4:24  Warp Gate, Probe (Chrono Boost)  
  31  4:25  Probe (Chrono Boost)  
  36  4:34  Probe (Chrono Boost)  
  36  4:36  Probe (Chrono Boost)  
  38  4:45  Probe (Chrono Boost)  
  39  4:46  Stalker  
  39  4:47  Stalker  
  39  4:49  Probe (Chrono Boost)  
  40  4:55  Phoenix (Chrono Boost)  
  40  4:56  Gateway  
  40  4:58  Gateway  
  41  5:02  Probe  
  41  5:03  Probe  
  41  5:05  Assimilator  
  43  5:10  Assimilator  
  43  5:13  Probe  
  43  5:17  Phoenix (Chrono Boost)  
  43  5:20  Probe  
  47  5:23  Probe  
  48  5:33  Probe  
  48  5:34  Probe  
  49  5:36  Robotics Facility  
  50  5:45  Probe x2  
  52  5:55  Probe  
  54  5:57  Phoenix (Chrono Boost), Probe  
  56  6:04  Twilight Council  
  56  6:06  Probe  
  56  6:09  Probe  
  58  6:16  Probe  
  61  6:18  Phoenix (Chrono Boost)  
  61  6:29  Nexus, Probe  
  61  6:30  Pylon  
  62  6:43  Blink (Chrono Boost)  
  62  6:44  Pylon  
  62  6:46  Robotics Bay, Pylon  
  62  6:47  Probe  
  62  6:48  Probe  
  62  6:52  Observer  
  65  6:55  Protoss Ground Weapons Level 1 (Chrono Boost)  
  65  6:58  Forge  
  65  7:08  Stalker x2, Photon Cannon  
  67  7:10  Photon Cannon  
  69  7:16  Probe  
  69  7:19  Immortal (Chrono Boost)  
  74  7:34  Stalker x4  
  82  7:48  Probe  
  82  7:49  Probe  
  82  7:50  Probe  
  85  7:57  Assimilator  
  85  7:59  Stalker x4, Assimilator  
  96  8:17  Disruptor (Chrono Boost)  
  96  8:23  Pylon  
  96  8:32  Protoss Ground Armor Level 1 (Chrono Boost)  
  96  8:35  Adept x2  
  100  8:46  Pylon  
  100  8:47  Pylon  
  100  8:48  Pylon  
  100  8:50  Pylon  
  100  8:53  Disruptor (Chrono Boost)  
  103  8:57  Gateway  
  103  8:59  Gateway  
  103  9:02  Gateway  
  103  9:04  Pylon  
  103  9:06  Gateway, Resonating Glaives (Chrono Boost)  
  103  9:10  Pylon  
  103  9:14  Templar Archives  
  103  9:27  Robotics Facility  
  103  9:28  Disruptor (Chrono Boost)  
  106  9:31  Adept x4  
  114  9:40  Protoss Ground Weapons Level 2 (Chrono Boost)  
  114  9:57  High Templar x3  
  120  10:00  Adept x4  
  120  10:02  Archon  
  127  10:13  Adept  
  129  10:16  Probe x2  
  131  10:25  High Templar x2  
  135  10:33  Archon  
  135  10:37  Warp Prism  
  137  10:47  Adept x2  
  141  10:53  Nexus  
  141  10:55  Assimilator  
  141  10:56  Protoss Ground Armor Level 2 (Chrono Boost), Pylon x2  
  141  10:59  Assimilator  
  141  11:03  Pylon  
  141  11:05  Pylon  
  141  11:06  Pylon  
  141  11:08  Pylon  
  141  11:15  High Templar x4  
  149  11:27  Archon x2  
  149  11:30  Adept x4  
  157  11:37  Gateway  
  157  11:40  Gateway  
  157  11:41  Gateway  
  157  11:51  Adept x2  
  157  11:52  Adept x3  
  154  12:09  Probe x2  
  154  12:11  Probe x2  
  154  12:20  Probe  
  147  12:23  Probe x2  
  132  12:38  Stalker x2  
  132  12:41  Stalker x5  
  132  12:42  Stalker  
Show
View Real Time Build Order
Export as new Build Order

pOwl Zerg 

Build Orders: Hatch First, Lurkers 

Get SALT Encoding   

  12  0:02  Drone  
  13  0:12  Overlord  
  13  0:17  Drone  
  14  0:31  Drone x2  
  14  0:35  Drone  
  17  0:53  Hatchery  
  16  0:58  Drone  
  16  0:59  Drone  
  18  1:07  Drone  
  19  1:26  Spawning Pool  
  18  1:46  Overlord  
  18  1:47  Extractor x2, Drone x2  
  18  2:14  Hatchery  
  17  2:24  Zergling x2  
  17  2:25  Zergling x8  
  22  2:37  Queen  
  24  2:49  Roach Warren  
  23  2:53  Drone  
  22  3:08  Drone x2  
  22  3:14  Drone  
  23  3:23  Queen  
  25  3:29  Drone  
  25  3:30  Drone  
  29  3:48  Roach x2  
  29  3:49  Roach x2  
  35  3:56  Overlord  
  35  4:06  Overlord  
  35  4:13  Queen  
  35  4:14  Drone  
  35  4:15  Drone x2  
  40  4:26  Drone x2  
  40  4:27  Drone  
  40  4:42  Drone x4  
  44  4:56  Hatchery  
  43  5:09  Spore Crawler  
  43  5:10  Spore Crawler  
  41  5:16  Overlord x2  
  41  5:17  Drone x4  
  45  5:28  Lair  
  45  5:29  Metabolic Boost  
  45  5:31  Overlord  
  45  5:36  Overlord  
  45  5:54  Drone x3  
  48  6:03  Drone x2  
  48  6:04  Drone  
  51  6:06  Drone  
  52  6:13  Drone x2  
  52  6:14  Drone  
  52  6:17  Zergling x2  
  56  6:19  Evolution Chamber  
  56  6:22  Drone  
  56  6:26  Drone x2  
  56  6:27  Glial Reconstitution  
  58  6:37  Drone x2  
  58  6:39  Spore Crawler  
  59  6:41  Extractor  
  59  6:46  Overlord x2  
  58  6:47  Roach x2  
  58  6:51  Zerg Missile Weapons Level 1  
  62  6:55  Drone  
  63  7:03  Queen  
  63  7:07  Spore Crawler  
  64  7:14  Hydralisk Den  
  58  7:16  Drone  
  58  7:17  Drone x3  
  58  7:19  Drone x2  
  58  7:22  Overlord x4  
  64  7:35  Roach  
  64  7:36  Roach  
  66  7:45  Roach x6  
  66  7:46  Roach x3  
  66  7:51  Queen  
  86  7:54  Drone x2  
  86  7:56  Drone  
  89  8:05  Hatchery  
  89  8:11  Roach  
  90  8:14  Overlord x3  
  90  8:16  Muscular Augments  
  90  8:17  Overlord  
  90  8:19  Extractor, Drone  
  90  8:21  Extractor  
  89  8:29  Overlord  
  89  8:31  Zergling x2  
  90  8:45  Drone  
  90  8:46  Drone x5  
  90  8:48  Drone x6  
  101  9:06  Spore Crawler  
  101  9:10  Ravager x4, Hydralisk  
  101  9:11  Hydralisk x7  
  120  9:18  Spire  
  120  9:22  Infestation Pit, Drone x2  
  120  9:23  Extractor, Drone x3  
  120  9:24  Drone x3  
  125  9:45  Hatchery  
  124  9:50  Zergling x2  
  124  9:51  Zergling x2  
  127  9:52  Zergling x2  
  127  9:57  Roach  
  127  9:58  Roach x3  
  127  9:59  Overlord x2  
  135  10:00  Overlord x3  
  135  10:05  Lurker Den  
  135  10:16  Overseer  
  135  10:20  Overseer x2  
  135  10:21  Zerg Missile Weapons Level 2  
  135  10:22  Hive  
  130  10:44  Roach  
  130  10:45  Roach x15  
  162  10:52  Ravager x4  
  166  11:08  Drone x3  
  166  11:09  Drone x3  
  166  11:10  Drone  
  166  11:11  Overlord, Drone x4  
  177  11:14  Extractor  
  176  11:19  Extractor  
  176  11:21  Mutalisk  
  176  11:22  Mutalisk x2  
  176  11:24  Overlord x4  
  181  11:38  Hatchery  
  180  11:40  Mutalisk  
  180  11:41  Mutalisk x4  
  190  11:49  Spore Crawler  
  189  12:12  Lurker x6  
Tags
 
Add a new tag
Caveats
  • Supply blocks, unpowered buildings, or Contaminate may cause inaccurate times.
  • Supply counts are checked every 10 seconds.